 Dungeon Crawl Stone Soup version 0.19-a0-1786-g230130f (webtiles) character file.

569 Ijustatesigmund the Magician (level 7, 0/33 HPs)
             Began as a Spriggan Wizard on Oct 3, 2016.
             Was an Initiate of Vehumet.
             Slain by an adder (3 damage)
             ... on level 5 of the Dungeon.
             The game lasted 00:17:08 (4948 turns).

Ijustatesigmund the Magician (Spriggan Wizard)      Turns: 4948, Time: 00:17:08

Health: 0/33       AC:  2    Str:  3    XL:     7   Next: 11%
Magic:  4/19       EV: 18    Int: 21    God:    Vehumet [......]
Gold:   120        SH:  0    Dex: 15    Spells: 5 memorised, 10 levels left

rFire  . . .     SeeInvis +     g - +2 dagger (venom)
rCold  . . .     Gourm    .     a - +0 robe
rNeg   . . .     Faith    .     (shield restricted)
rPois  .         Spirit   .     b - +0 hat
rElec  .         Dismiss  .     (no cloak)
rCorr  .         Reflect  .     (gloves unavailable)
MR     +....     Harm     .     (boots unavailable)
Stlth  ++........               n - amulet of magic regeneration
                                (no ring)
                                (no ring)

@: lethally poisoned (0 -> -2), very slightly contaminated, heavily drained,
very quick
A: unfitting armour, see invisible, herbivore 3, speed 3, slow metabolism 2
a: Renounce Religion


You were on level 5 of the Dungeon.
You worshipped Vehumet.
Vehumet was noncommittal.
You were full.

You visited 2 branches of the dungeon, and saw 6 of its levels.

You collected 120 gold pieces.

Inventory:

Hand Weapons
 g - a +2 dagger of venom (weapon)
Missiles
 t - 3 tomahawks (quivered)
Armour
 a - a +0 robe (worn)
 b - a +0 hat (worn)
Jewellery
 n - an amulet of magic regeneration (around neck)
Wands
 j - a wand of disintegration (9/24)
 m - a wand of acid (8/15)
 r - a wand of slowing (38/48)
Scrolls
 e - a scroll of teleportation {unknown}
 h - a scroll of recharging
 i - 2 scrolls of amnesia
Potions
 f - a potion of agility {unknown}
 k - a potion of brilliance {unknown}
 l - 2 potions of mutation {unknown}
 p - a potion of cancellation {unknown}
 q - a potion of lignification {unknown}
 u - a potion of degeneration {unknown}
Books
 c - a book of Minor Magic

   Spells                             Type                      Level
   a - Magic Dart                     Conjuration                  1
   b - Blink                          Translocation                2
   c - Call Imp                       Summoning                    2
   d - Repel Missiles                 Charms/Air                   2
   e - Slow                           Hexes                        2
   f - Conjure Flame                  Conjuration/Fire             3
   g - Mephitic Cloud                 Conjuration/Poison/Air       3
Comestibles
 d - 2 bread rations


   Skills:
 + Level 1.3(0.1) Fighting
 + Level 2.1(0.9) Short Blades
 + Level 4.3(3.0) Dodging
 - Level 3.0(1.7) Stealth
 - Level 7.5(6.0) Spellcasting
 + Level 1.5(0.3) Conjurations
   Level 0.7(0.0) Summonings
 - Level 2.0(0.8) Translocations
 + Level 1.9(0.7) Air Magic
 + Level 1.5(0.3) Poison Magic


You had 10 spell levels left.
You knew the following spells:

 Your Spells              Type           Power        Failure   Level  Hunger
a - Magic Dart            Conj           #...         12%         1    None
b - Blink                 Tloc           N/A          12%         2    None
c - Repel Missiles        Chrm/Air       #.....       14%         2    None
d - Mephitic Cloud        Conj/Pois/Air  #.......     30%         3    ##.....
e - Conjure Flame         Conj/Fire      #.......     30%         3    ##.....


Dungeon Overview and Level Annotations

Branches:
Dungeon (5/15)             Temple (1/1) D:4

Altars:
Ashenzari
Cheibriados
Dithmenos
Fedhas
Gozag
Hepliaklqana
Kikubaaqudgha
Makhleb
Nemelex Xobeh
Okawaru
Qazlal
Ru
Sif Muna
Trog
Uskayaw
Vehumet
Xom
Yredelemnul
The Shining One

Annotations:
D:2 Sigmund
D:4 Eustachio


Innate Abilities, Weirdness & Mutations

You are very small and have problems with some larger weapons.
You are too small for most types of armour.
You have supernaturally acute eyesight. (SInv)
You are a herbivore.
You cover ground extremely quickly.
You need consume almost no food.


Message History

The adder poisons you!
Casting: Magic Dart
Confirm with . or Enter, or press ? or * to list all spells.
Aiming: Magic Dart
Press: ? - help, Shift-Dir - straight line, f/p - adder
Aim: an adder (heavily wounded)
The magic dart hits the adder.
The adder is severely wounded.
You feel sick. The adder bites you.
* * * LOW HITPOINT WARNING * * *
The adder misses you. The gnoll misses you.
Casting: Magic Dart
Confirm with . or Enter, or press ? or * to list all spells.
Aiming: Magic Dart
Press: ? - help, Shift-Dir - straight line, f/p - adder
Aim: an adder (severely wounded)
The magic dart hits the adder.
The adder is almost dead.
The adder bites you.
You die...

######.##
#@Sh.....
#.S......
#g!..?...
#........
#g.......
#........
#.?......
#..........
..##


You could see 2 gnolls, 2 adders and a jackal.

Vanquished Creatures
  An ogre (D:4)
  A centaur (D:4)
  A scorpion (D:4)
  2 orc wizards
  2 orc priests (D:3)
  Jessica (D:2)
  Ijyb (D:2)
  Terence (D:3)
  Robin (D:2)
  3 adders
  A gnoll (D:5)
  A worm (D:3)
  A dart slug (D:1)
  2 leopard geckos
  17 orcs
  6 bats
  9 giant cockroaches
  14 goblins
  8 hobgoblins
  4 jackals
  2 quokkas
  3 frilled lizards
  8 kobolds
  11 rats
101 creatures vanquished.

Notes
Turn   | Place    | Note
-------+----------+-------------------------------------------
     0 | D:1      | Ijustatesigmund the Spriggan Wizard began the quest for the Orb.
     0 | D:1      | Reached XP level 1. HP: 9/9 MP: 6/6
   361 | D:1      | Reached XP level 2. HP: 13/13 MP: 5/8
   514 | D:1      | Learned a level 2 spell: Blink
   517 | D:1      | Learned a level 2 spell: Repel Missiles
   762 | D:1      | Reached skill level 5 in Spellcasting
  1381 | D:1      | Reached XP level 3. HP: 15/16 MP: 1/10
  1457 | D:1      | Learned a level 3 spell: Mephitic Cloud
  1461 | D:1      | Learned a level 3 spell: Conjure Flame
  1573 | D:2      | Noticed Robin
  1616 | D:2      | Killed Robin
  1772 | D:2      | Found a sparkling altar of Nemelex Xobeh.
  1772 | D:2      | Noticed Jessica
  1778 | D:2      | Killed Jessica
  1778 | D:2      | Reached skill level 6 in Spellcasting
  1778 | D:2      | Reached XP level 4. HP: 20/21 MP: 9/13
  2100 | D:2      | Found a glowing golden altar of the Shining One.
  2111 | D:2      | Noticed Ijyb
  2126 | D:2      | Killed Ijyb
  2126 | D:2      | Reached skill level 7 in Spellcasting
  2588 | D:2      | Noticed Sigmund
  2695 | D:3      | Reached XP level 5. HP: 24/24 MP: 6/15
  3151 | D:3      | Found a faded altar of an unknown god.
  3327 | D:3      | Found a snail-covered altar of Cheibriados.
  3429 | D:3      | Reached skill level 1 in Conjurations
  3429 | D:3      | Reached skill level 1 in Air Magic
  3440 | D:3      | Reached XP level 6. HP: 28/28 MP: 8/17
  3444 | D:3      | Reached skill level 1 in Short Blades
  3598 | D:3      | Noticed Terence
  3623 | D:3      | Killed Terence
  3818 | D:4      | Found a staircase to the Ecumenical Temple.
  3849 | Temple   | Entered the Ecumenical Temple
  3970 | Temple   | Became a worshipper of Vehumet
  4275 | D:4      | Found a blossoming altar of Fedhas.
  4276 | D:4      | Found an ancient bone altar of Kikubaaqudgha.
  4528 | D:5      | Entered Level 5 of the Dungeon
  4607 | D:4      | Reached skill level 1 in Fighting
  4607 | D:4      | Reached skill level 1 in Poison Magic
  4710 | D:4      | Reached XP level 7. HP: 31/33 MP: 5/19
  4881 | D:4      | Noticed Eustachio
  4948 | D:5      | Slain by an adder

Vault maps used:
D:1:      onia_arrival_pentagram
D:2:      kennysheep_the_goblin_king, nicolae_overflow_crystal_walls,
          nemelex_lonely_heart_becter, uniq_robin, uniq_iyjb,
          uniq_crazy_yiuf_cottage, uniq_sigmund
D:3:      cheibriados_altar_wand_db, ecumenical_altar_2, uniq_terence
D:4:      grunt_temple_overflow_growth_and_decay, zin_scriptorium,
          grunt_decor_one_mirror, kennysheep_small_spiral, uniq_eustachio
D:5:      serial_shops, shop_statue, first_bread, basic_altar,
          mrwooster_statue_mirror, trog_hazing_becter, uniq_menkaure,
          uniq_edmund
Temple:   jpeg_temple_clearing

Skill      XL: |  1  2  3  4  5  6 |
---------------+-------------------+-----
Spellcasting   | 5 6 7 |  7.5
Conjurations   | 1 |  1.5
Air Magic      | 1 |  1.9
Translocations | 2 |  2.0
Short Blades   | 2 |  2.1
Fighting       | 1 |  1.3
Dodging        | 4 |  4.3
Poison Magic   | 1 |  1.5
Stealth        | |  3.0
Summonings     | |  0.7

Action                   |  1- 3 |  4- 6 |  7- 9 || total
-------------------------+-------+-------+-------++-------
Melee: Dagger            |    21 |    38 |     6 ||    65
Throw: Tomahawk          |       |     3 |       ||     3
 Cast: Magic Dart        |    98 |   180 |    31 ||   309
       Repel Missiles    |     1 |       |       ||     1
       Mephitic Cloud    |       |    13 |     1 ||    14
       Conjure Flame     |       |     4 |       ||     4
  Use: Scroll            |     5 |     5 |       ||    10
 Stab: Sleeping          |       |     1 |       ||     1
       Confused          |       |     4 |       ||     4
  Eat: Bread ration      |       |     1 |       ||     1
Armor: Robe              |     8 |     6 |     1 ||    15
Dodge: Dodged            |    43 |    72 |    11 ||   126
       Deflected         |       |     3 |       ||     3
